 Dungeon Crawl Stone Soup version 0.17.0-28-g6e173f8 (webtiles) character file.

43 JojoiPoi the Sneak (level 3, 0/20 HPs)
             Began as a Kobold Enchanter on Nov 22, 2015.
             Slain by a gnoll
             ... wielding a +0 spear
              (3 damage)
             ... on level 2 of the Dungeon.
             The game lasted 00:09:52 (1054 turns).

JojoiPoi the Sneak (Kobold Enchanter)               Turns: 1054, Time: 00:09:53

Health: 0/20       AC:  3    Str:  6    XL:     3   Next: 82%
Magic:  1/6        EV: 15    Int: 14    God:
Gold:   34         SH:  0    Dex: 16    Spells: 2 memorised, 3 levels left

rFire  . . .     SeeInvis .     a - +1 dagger
rCold  . . .     Clarity  .     b - +1 robe
rNeg   . . .     SustAt   .     (shield restricted)
rPois  .         Gourm    .     (no helmet)
rElec  .         Spirit   .     (no cloak)
rCorr  .         Warding  .     (no gloves)
rMut   .         Stasis   .     (no boots)
MR     .....                    (no amulet)
Stlth  +++.......               (no ring)
                                p - ring of flight

@: not resistant to hostile enchantments, fairly stealthy
A: carnivore 3
a: Evoke Flight


You were on level 2 of the Dungeon.
You were very full.

You visited 1 branch of the dungeon, and saw 2 of its levels.

You collected 34 gold pieces.

Inventory:

Hand Weapons
 a - a +1 dagger (weapon)
Missiles
 f - 5 exploding sling bullets
 h - 66 stones (quivered)
 j - 40 bolts
 q - 22 poisoned needles
Armour
 b - a +1 robe (worn)
Jewellery
 p - a ring of flight (left hand)
Scrolls
 e - 2 scrolls of enchant weapon {unknown}
 g - 2 scrolls of identify {unknown}
 l - 3 scrolls of teleportation {unknown}
 m - a scroll of amnesia {unknown}
Potions
 i - 4 potions of curing {unknown}
 n - a potion of agility {unknown}
 o - a potion of ambrosia {unknown}
Books
 c - a book of Maledictions

   Spells                             Type                      Level
   a - Corona                         Hexes                        1
   b - Ensorcelled Hibernation        Hexes/Ice                    2
   c - Confuse                        Hexes                        3
   d - Tukima's Dance                 Hexes                        3
   e - Dazzling Spray                 Conjuration/Hexes            3
Comestibles
 d - 3 meat rations


   Skills:
 + Level 0.9 Fighting
 + Level 2.0 Short Blades
 + Level 2.6 Dodging
 + Level 4.8 Stealth
 + Level 2.1 Spellcasting
 + Level 3.4 Hexes


You had 3 spell levels left.
You knew the following spells:

 Your Spells              Type           Power        Failure   Level  Hunger
a - Corona                Hex            ##.....      10%         1    #......
b - Ensorcelled Hibernat  Hex/Ice        #.....       21%         2    ###....


Dungeon Overview and Level Annotations

Branches:
Dungeon (2/15)

Altars:


Innate Abilities, Weirdness & Mutations

You are small and have problems with some larger weapons.
You are carnivorous and can eat meat at any time.


Message History

You hit the gnoll.
The gnoll is moderately wounded.
The gnoll closely misses you. x2
You hit the gnoll but do no damage.
The gnoll is moderately wounded.
The gnoll misses you.
You hit the gnoll but do no damage.
The gnoll is moderately wounded.
The gnoll hits you with a halberd!
Ouch! That really hurt!
* * * LOW HITPOINT WARNING * * *
The gnoll completely misses you.
Casting: Ensorcelled Hibernation
Confirm with . or Enter, or press ? or * to list all spells.
Aiming: Ensorcelled Hibernation
Press: ? - help, Shift-Dir - straight line, f/p - gnoll
Aim: a gnoll, wielding a halberd (moderately wounded, chance to defeat MR: 47%)
The gnoll is unaffected.
The gnoll hits you from afar with a spear.
You die...

## ### #.## #..
#########..# #.#
#g.(gg.....# #.#
#g########.###.#
#g#............##
#@#.#####.......#
#....## #..###..#
##.....###..# #..##
##.......##.)###....
#<.................#
#............###...#
#.........##.###....
##.......###........
##.....## #####.#.#


You could see 3 gnolls.

Vanquished Creatures
  A gnoll (D:1)
  2 oozes (D:1)
  A giant gecko (D:1)
  2 bats (D:1)
  A giant cockroach (D:2)
  2 goblins (D:1)
  7 hobgoblins (D:1)
  A giant newt (D:2)
  2 kobolds (D:1)
  3 rats (D:1)
22 creatures vanquished.

Notes
Turn   | Place    | Note
--------------------------------------------------------------
     0 | D:1      | JojoiPoi the Kobold Enchanter began the quest for the Orb.
     0 | D:1      | Reached XP level 1. HP: 10/10 MP: 3/3
    98 | D:1      | Reached XP level 2. HP: 12/15 MP: 5/5
   192 | D:1      | Reached XP level 3. HP: 3/19 MP: 6/6
   709 | D:2      | Learned a level 2 spell: Ensorcelled Hibernation
  1054 | D:2      | Slain by a gnoll

Action                   || total
-------------------------++-------
Melee: Dagger            ||    78
Throw: Stone             ||    29
 Cast: Corona            ||     9
       Ensorcelled Hiber ||     5
 Stab: Sleeping          ||     4
  Eat: Chunk             ||     9
